AoeStats
← eerkykdi

Arabia

507701889Analyzed
1v1 RM · 14d ago on Sep 19, 2026· 46m 16s· 2 players
Game mode
Random Map
Map size
Tiny (2 player)
Population
200
Speed
Normal
Resources
Standard
Victory
Conquest
Starting age
Dark Age
Ending age
Imperial Age
RankedLock teamsTeams togetherTeam positionsShared explorationLock speedFull tech treeHidden civsTurbo modeCheats
Victory
Defeat
🇹🇷 Huns · Türkiye
796
+16
🇩🇪 Cumans · Germany
788
-16
eerkykdi
4:04 Loom
10:38 Feudal Age
20:09 Fletching
24:11 Double-Bit Axe
24:07 Horse Collar
30:12 Castle Age
29:17 Forging
30:10 Wheelbarrow
32:29 Bow Saw
32:45 Bloodlines
35:39 Iron Casting
36:51 Masonry
41:15 Pikeman
42:09 Stone Mining
45:56 Imperial Age
44:48 Hand Cart
44:53 Scale Barding Armor
Lancelot
11:08 Feudal Age
15:40 Castle Age
24:11 Double-Bit Axe
25:04 Fletching
32:26 Town Watch
34:18 Elite Skirmisher
35:59 Husbandry
35:27 Pikeman
36:58 Marauders
38:48 Scale Barding Armor
40:05 Forging
41:26 Iron Casting
41:22 Squires
41:07 Arson
42:41 Thumb Ring
42:56 Loom
43:46 Wheelbarrow
44:02 Light Cavalry
44:53 Bloodlines
48:55 Imperial Age
Connection lost

Rejoining the realm…

Still unreachable

The connection could not be restored.

Session expired

The server has moved on; the page needs a fresh start.